 Dungeon Crawl Stone Soup version 0.24-a0-520-g8fd06ad0bc (webtiles) character file.

Game seed: 14786670744977763559

7741 CoolPlay the Slicer (level 11, 145/145 HPs)
             Began as a Minotaur Wizard on July 26, 2019.
             Was an Elder of Trog.
             Quit the game on level 1 of the Lair of Beasts.
             The game lasted 00:28:53 (10350 turns).

CoolPlay the Slicer (Minotaur Wizard)              Turns: 10350, Time: 00:28:54

Health: 145/145    AC:  7    Str: 20    XL:     11   Next: 0%
Magic:  16/16      EV: 11    Int: 15    God:    Trog [****..]
Gold:   463        SH:  0    Dex:  9    Spells: 13/14 levels left

rFire    . . .     SeeInvis .   a - +0 dagger (elec)
rCold    . . .     Gourm    .   (no shield)
rNeg     . . .     Faith    .   h - +0 ring mail
rPois    .         Spirit   .   C - +0 hat {MR+}
rElec    .         Reflect  .   f - +1 cloak
rCorr    +         Harm     .   (no gloves)
MR       +....                  (no boots)
Stlth    ..........             (no amulet)
HPRegen  0.34/turn              t - ring of Souq {rCorr Slay+3}
MPRegen  0.15/turn              u - ring of stealth

@: berserking, very quick
A: retaliatory headbutt, horns 2
a: Berserk, Trog's Hand, Brothers in Arms, Renounce Religion


You were on level 1 of the Lair of Beasts.
You worshipped Trog.
Trog was greatly pleased with you.
You were not hungry.

You visited 2 branches of the dungeon, and saw 11 of its levels.

You collected 463 gold pieces.

Inventory:

Hand Weapons
 a - a +0 dagger of electrocution (weapon)
 b - a +5 hunting sling of flaming
 y - a +0 short sword of speed
 z - a +0 mace of crushing
 T - a +0 hunting sling
 U - a -2 vampiric spear
 Y - a +0 dagger of speed
Missiles
 o - 166 stones (quivered)
 J - a throwing net
 R - 29 sling bullets
 X - 75 arrows
Armour
 f - a +1 cloak (worn)
 h - a +0 ring mail (worn)
 n - a +0 scale mail
 s - a +0 hat
 w - a +0 robe
 C - a +0 hat of magic resistance (worn)
 F - a +0 ring mail
 H - a +0 cloak
 I - a +2 robe of magic resistance
 M - a cursed +0 robe
Jewellery
 k - a cursed ring of attention {unknown}
 q - an uncursed ring of ice
 t - the ring of Souq (left hand) {rCorr Slay+3}
   (You found it on level 5 of the Dungeon)

   [ring of resist corrosion]

   It affects your accuracy and damage with ranged weapons and melee attacks
   (+3).
   It provides partial protection from all sources of acid and corrosion.
 u - a ring of stealth (right hand)
Wands
 e - a wand of disintegration (16)
 B - a wand of iceblast (14)
 K - a wand of flame (12)
 N - a wand of acid (3)
Scrolls
 c - 3 scrolls of blinking
 g - 5 scrolls of teleportation
 i - a scroll of remove curse
 p - a scroll of fear {unknown}
 D - a scroll of immolation
 G - a scroll of amnesia {unknown}
Potions
 l - 6 potions of curing
 m - 2 potions of cancellation
 r - a potion of resistance {unknown}
 v - a potion of mutation
 x - 2 potions of lignification
 A - 3 potions of flight
 E - 3 potions of heal wounds
 L - 2 potions of haste {unknown}
 P - a potion of magic
 V - a potion of might {unknown}
 W - 2 potions of brilliance
Comestibles
 d - 18 rations


   Skills:
 + Level 9.3 Fighting
 * Level 11.2 Short Blades
 - Level 2.3 Maces & Flails
 - Level 4.0 Slings
 - Level 2.1 Dodging
 - Level 1.5 Stealth
 - Level 2.1 Spellcasting
 - Level 0.6 Conjurations
   Level 0.6 Summonings
   Level 0.6 Translocations
 * Level 9.0 Evocations


You had 13 spell levels left.
You knew the following spells:

 Your Spells              Type           Power        Failure   Level  Hunger
a - Magic Dart            Conj           #...         30%         1    #......

Your spell library contained the following spells:

 Spells                   Type           Power        Failure   Level  Hunger
 Blink                    Tloc           N/A          41%         2    ###....
 Call Imp                 Summ           #.......     41%         2    ###....
 Slow                     Hex            #.......     50%         2    ###....
 Conjure Flame            Conj/Fire      #.......     69%         3    ###....
 Mephitic Cloud           Conj/Pois/Air  #.......     71%         3    ###....


Dungeon Overview and Level Annotations

Branches:
Dungeon (10/15)            Temple (0/1) D:6            Lair (1/6) D:10
    Orc (0/2) D:10

Altars:
Dithmenos
Kikubaaqudgha
Makhleb
Qazlal
Ru
Trog
Uskayaw
Wu Jian
Xom
Yredelemnul
Zin
The Shining One

Shops:
D:7 %   D:9 [

Annotations:
D:4 1 runed translucent door, n0isemaker's ghost, amateur DsAK
D:7 2 transporters, Trueduck's ghost, novice NaTm
D:9 2 exclusions


Innate Abilities, Weirdness & Mutations

You reflexively headbutt those who attack you in melee.
You have a pair of horns on your head.


Message History

There is an open door here.
A red film seems to cover your vision as you go berserk!
You feel yourself moving faster!
You feel mighty!
You feel a lot more hungry.
The orc warrior shouts!
You hit the orc warrior.
Lightning courses through the orc warrior!
You headbutt the orc warrior!
You feel the power of Trog in you as your rage grows.
You kill the orc warrior!
Trog accepts your kill.
You have reached level 11!
Things that are here:
a +0 short sword; a +0 plate armour; an orc corpse You feel a strong urge to attack something.
There is a staircase to the Lair here.
You climb downwards.
Welcome to the Lair of Beasts!
You feel your anger nearly subside.
There is a staircase back to the Dungeon here.
Unknown command.
Unknown command.

## +P### .....
...... .#.
#......
.....###.......
#...@+ ######


There were no monsters in sight!

Vanquished Creatures
  A two-headed ogre (D:8)
  Joseph (D:7)
  2 hippogriffs
  A spriggan (D:8)
  A wyvern (D:9)
  Grum (D:8)
  Duvessa (D:7)
  A black bear (D:6)
  9 orc warriors
  3 ice beasts
  3 phantoms
  2 sky beasts
  A necrophage (D:8)
  2 wolves (D:8)
  5 centaurs
  6 ogres
  7 bullfrogs
  Dowan (D:7)
  7 scorpions
  6 killer bees (D:8)
  3 howler monkeys
  3 crimson imps
  A centaur zombie (D:8)
  3 bullfrog zombies
  6 orc priests
  A jelly (D:6)
  A quasit (D:6)
  A centaur skeleton (D:4)
  2 hounds (D:8)
  2 bullfrog skeletons
  3 iguanas
  11 orc wizards
  13 worker ants
  Ijyb (D:3)
  A killer bee zombie (D:5)
  A hound skeleton (D:5)
  A howler monkey zombie (D:7)
  2 worker ant zombies
  10 gnolls
  14 adders
  2 shadow imps
  2 oozes
  An adder zombie (D:6)
  4 adder skeletons
  3 dart slugs
  3 worms
  3 leopard geckos
  61 orcs
  8 bats
  4 giant cockroaches
  5 goblins
  9 hobgoblins
  3 jackals (D:6)
  3 quokkas
  2 ball pythons (D:1)
  2 frilled lizards
  A jackal zombie (D:7)
  13 kobolds
  A quokka skeleton (D:4)
  7 rats
278 creatures vanquished.

Vanquished Creatures (others)
  5 fungi (D:10)
  5 plants (D:10)
  A withered plant (D:4)
11 creatures vanquished.

Grand Total: 289 creatures vanquished

Notes
Turn   | Place    | Note
-------+----------+-------------------------------------------
     0 | D:1      | CoolPlay the Minotaur Wizard began the quest for the Orb.
     0 | D:1      | Reached XP level 1. HP: 14/14 MP: 2/2
   101 | D:1      | Reached skill level 1 in Fighting
   368 | D:1      | Reached XP level 2. HP: 20/24 MP: 0/4
   664 | D:1      | Reached skill level 1 in Maces & Flails
   916 | D:1      | Reached XP level 3. HP: 30/30 MP: 3/5
  1326 | D:2      | Found a bloodstained altar of Trog.
  1339 | D:2      | Became a worshipper of Trog the Wrathful
  1373 | D:2      | Found a glowing golden altar of the Shining One.
  1556 | D:3      | Noticed Ijyb
  1619 | D:2      | Reached skill level 1 in Short Blades
  1619 | D:2      | Reached XP level 4. HP: 38/38 MP: 6/6
  1967 | D:3      | Reached skill level 2 in Short Blades
  1994 | D:3      | Reached * piety under Trog
  2049 | D:3      | Reached XP level 5. HP: 38/46 MP: 7/7
  2061 | D:3      | Reached skill level 3 in Short Blades
  2402 | D:3      | Killed Ijyb
  2704 | D:3      | Noticed a centaur
  2712 | D:3      | Killed a centaur
  2712 | D:3      | Reached skill level 4 in Short Blades
  2712 | D:3      | Reached skill level 1 in Evocations
  2712 | D:3      | Reached XP level 6. HP: 53/53 MP: 8/8
  2822 | D:4      | Found a stormy altar of Qazlal.
  3117 | D:4      | Reached XP level 7. HP: 60/60 MP: 9/9
  3122 | D:4      | Reached skill level 5 in Short Blades
  3205 | D:4      | Reached skill level 1 in Slings
  3245 | D:4      | Found a runed translucent door.
  3246 | D:4      | Noticed n0isemaker's ghost (amateur DsAK)
  3285 | D:4      | Reached skill level 5 in Fighting
  3319 | D:4      | Reached ** piety under Trog
  3733 | D:5      | Entered Level 5 of the Dungeon
  3928 | D:5      | Got a smoking marble ring
  3930 | D:5      | Identified the ring of Souq {rCorr Slay+3} (You found it on
                  | level 5 of the Dungeon)
  3987 | D:5      | Reached XP level 8. HP: 63/69 MP: 10/10
  4002 | D:5      | Reached skill level 6 in Short Blades
  4440 | D:5      | Found a sacrificial altar of Ru.
  4972 | D:6      | Reached skill level 7 in Short Blades
  4979 | D:6      | Reached skill level 5 in Evocations
  5128 | D:6      | Reached XP level 9. HP: 75/78 MP: 10/12
  5503 | D:6      | Found an ornate altar of the Wu Jian Council.
  5614 | D:6      | Found a staircase to the Ecumenical Temple.
  5628 | D:6      | Reached *** piety under Trog
  5725 | D:6      | Reached skill level 8 in Short Blades
  6590 | D:7      | Noticed Duvessa
  6590 | D:7      | Noticed Dowan
  6859 | D:7      | Found an ancient bone altar of Kikubaaqudgha.
  6991 | D:7      | Found a hide-covered altar of Uskayaw.
  6998 | D:7      | Found a shimmering altar of Xom.
  7001 | D:7      | Found a shadowy altar of Dithmenos.
  7029 | D:7      | Killed Duvessa
  7139 | D:7      | Killed Dowan
  7278 | D:7      | Found Cezocwow's Food Emporium.
  7310 | D:7      | Found a transporter.
  7310 | D:7      | Noticed Trueduck's ghost (novice NaTm)
  7345 | D:7      | Found a transporter.
  7525 | D:7      | Noticed Joseph
  7542 | D:7      | Killed Joseph
  7542 | D:7      | Reached skill level 9 in Short Blades
  7711 | D:8      | Noticed a two-headed ogre
  7731 | D:7      | Reached XP level 10. HP: 50/88 MP: 14/14
  7967 | D:8      | Killed a two-headed ogre
  8045 | D:8      | Reached skill level 10 in Short Blades
  8098 | D:8      | Noticed Grum
  8115 | D:8      | Killed Grum
  8501 | D:8      | Reached **** piety under Trog
  8685 | D:8      | Found a burning altar of Makhleb.
  8703 | D:8      | Received a gift from Trog
  8719 | D:8      | Noticed a cacodemon
  8734 | D:8      | Found a glowing silver altar of Zin.
  8735 | D:8      | Noticed an angel
  8934 | D:10     | Entered Level 10 of the Dungeon
  9323 | D:9      | Found Akaxzeom's Armour Shoppe.
  9718 | D:9      | Reached skill level 11 in Short Blades
  9979 | D:9      | Found a basalt altar of Yredelemnul.
 10342 | D:10     | Found a staircase to the Lair.
 10345 | D:10     | Reached XP level 11. HP: 97/97 MP: 16/16
 10349 | Lair:1   | Entered Level 1 of the Lair of Beasts
 10350 | Lair:1   | Quit the game

Levels and vault maps discovered:
D:1:      minmay_arrival_up_and_down, layout_rooms
D:2:      layout_rooms, overflow_temple_1_default, bloody_trog
D:3:      layout_loops_ring, uniq_ijyb
D:4:      layout_rooms, grunt_qazlal_clouds, first_ration, gammafunk_ghost_grave
D:5:      wad_river_or_something, layout_basic, nicolae_ru_path_of_blood,
          item_on_display_a
D:6:      layout_layer_cave, lemuel_crystal_altar, minmay_temple_entry_slanted,
          st_stairs_12
D:7:      layout_gridville, kiku_gazebo_garden_becter,
          chequers_temple_overflow_statue_of_worship, serial_shops,
          nicolae_shop_temple_entry_statues_fountains,
          gammafunk_ghost_stat_death, uniq_joseph, uniq_duvessa
D:8:      layout_loops_ring, grunt_temple_overflow_order_and_chaos_2,
          the_bakery, minmay_increasing_density, uniq_grum
D:9:      layout_loops_corners, yredelemnul_forgotten_temple_becter,
          serial_shops, shop, minmay_shattered_shrine
D:10:     layout_rooms, grunt_lair_entry_orc_guard_hut, hiddenorc2_lemuel,
          basic_altar, lemuel_angel_altar
Lair:1:   layout_roguey

Skill      XL: |  1  2  3  4  5  6  7  8  9 10 |
---------------+-------------------------------+-----
Fighting       | 2 3 4 5 6 8 9 |  9.3
Maces & Flails | 1 2 |  2.3
Short Blades   | 1 2 4 5 7 9 11 | 11.2
Evocations     | 1 2 3 5 7 9 |  9.0
Slings         | 3 4 |  4.0
Dodging        | |  2.1
Stealth        | |  1.5
Spellcasting   | |  2.1
Conjurations   | |  0.6
Summonings     | |  0.6
Translocations | |  0.6

Action                   |  1- 3 |  4- 6 |  7- 9 | 10-12 || total
-------------------------+-------+-------+-------+-------++-------
Melee: Unarmed           |    11 |       |       |       ||    11
       Club              |    12 |       |       |       ||    12
       Whip              |    51 |       |       |       ||    51
       Headbutt          |     8 |    11 |    33 |    23 ||    75
       Dagger            |    21 |    93 |   285 |   228 ||   627
       Short sword       |       |       |     6 |       ||     6
 Fire: Hunting sling     |       |   104 |   235 |   108 ||   447
Throw: Stone             |     1 |       |     2 |       ||     3
 Cast: Magic Dart        |    45 |       |       |       ||    45
Invok: Berserk           |       |     5 |     7 |     3 ||    15
       Trog's Hand       |       |       |     6 |     6 ||    12
Evoke: Wand              |       |       |     2 |     3 ||     5
  Use: Potion            |     3 |     3 |     4 |     1 ||    11
       Scroll            |     3 |     3 |     7 |     1 ||    14
 Stab: Sleeping          |       |       |     1 |       ||     1
  Eat: Chunk             |     3 |     9 |    14 |    11 ||    37
       Ration            |       |       |     2 |     2 ||     4
Armor: Robe              |     4 |       |       |       ||     4
       Ring mail         |    40 |    24 |    52 |    45 ||   161
       Skin              |       |       |    28 |    45 ||    73
Dodge: Dodged            |    62 |    61 |    95 |    85 ||   303

Table legend:
 A = Non-vault XP
 B = Vault XP
 C = Vault XP percentage of total XP
 D = Non-vault monster count
 E = Vault monster count
 F = Vault count percentage of total count
                 A         B        C        D         E       F
            +---------+---------+-------+---------+---------+-------
      Total |    7058 |    4001 |  36.2 |     239 |      39 |  14.0
            +---------+---------+-------+---------+---------+-------
        D:1 |      51 |       0 |   0.0 |      26 |       0 |   0.0
        D:2 |      48 |       0 |   0.0 |      14 |       0 |   0.0
        D:3 |     355 |      33 |   8.5 |      38 |       1 |   2.6
        D:4 |     665 |     124 |  15.7 |      27 |       1 |   3.6
        D:5 |     599 |     368 |  38.1 |      27 |       5 |  15.6
        D:6 |    1344 |      42 |   3.0 |      30 |       1 |   3.2
        D:7 |     562 |     695 |  55.3 |      18 |       3 |  14.3
        D:8 |    1415 |    1987 |  58.4 |      33 |      10 |  23.3
        D:9 |    1625 |      62 |   3.7 |      18 |       2 |  10.0
       D:10 |     394 |     690 |  63.7 |       8 |      16 |  66.7
            +---------+---------+-------+---------+---------+-------
